 Dungeon Crawl Stone Soup version 0.17.0-28-g6e173f8 (webtiles) character file.

42 sugabear the Cudgeler (level 3, 0/22 HPs)
             Began as a Gargoyle Gladiator on Dec 2, 2015.
             Slain by a gnoll (1 damage)
             ... on level 1 of the Dungeon.
             The game lasted 00:01:49 (1222 turns).

sugabear the Cudgeler (Gargoyle Gladiator)          Turns: 1222, Time: 00:01:49

Health: 0/22       AC:  7    Str: 18    XL:     3   Next: 56%
Magic:  3/3        EV: 12    Int:  8    God:
Gold:   107        SH:  0    Dex: 11    Spells: 0 memorised, 2 levels left

rFire  + . .     SeeInvis .     a - +0 flail
rCold  + . .     Clarity  .     b - +0 leather armour
rNeg   + . .     SustAt   .     (no shield)
rPois  ∞         Gourm    .     c - +0 helmet
rElec  +         Spirit   .     (no cloak)
rCorr  .         Warding  .     (no gloves)
rMut   .         Stasis   .     (no boots)
MR     .....                    (no amulet)
Stlth  +.........               m - ring of protection from cold
                                j - ring of protection from fire

@: not resistant to hostile enchantments, very unstealthy
A: negative energy resistance 1, electricity resistance, unbreathing,
petrification resistance, rot immunity, AC +3
a: no special abilities


You were on level 1 of the Dungeon.
You were not hungry.

You visited 1 branch of the dungeon, and saw 3 of its levels.

You collected 107 gold pieces.

Inventory:

Hand Weapons
 a - a +0 flail (weapon)
Missiles
 d - 3 throwing nets (quivered)
Armour
 b - a +0 leather armour (worn)
 c - a +0 helmet (worn)
Jewellery
 j - a ring of protection from fire (left hand)
 m - a ring of protection from cold (right hand)
 r - an uncursed ring of fire
Scrolls
 g - a scroll of identify {unknown}
 k - a scroll of enchant armour {unknown}
 l - a scroll of fear {unknown}
 n - a scroll of magic mapping {unknown}
 o - a scroll of immolation {unknown}
 q - 2 scrolls of teleportation {unknown}
Potions
 f - a potion of might {unknown}
 h - 2 potions of heal wounds {unknown}
 i - 2 potions of curing {unknown}
 p - a potion of magic {unknown}
Comestibles
 e - 2 bread rations


   Skills:
 + Level 2.5 Fighting
 + Level 3.3 Maces & Flails
 + Level 1.8 Throwing
 + Level 1.0 Armour
 + Level 3.0 Dodging
 + Level 0.2 Stealth


You had 2 spell levels left.
You didn't know any spells.

Dungeon Overview and Level Annotations

Branches:
Dungeon (3/15)

Altars:


Innate Abilities, Weirdness & Mutations

You are resistant to torment.
Your stone body is resilient (AC +3).
You are immune to poison.
You resist negative energy.
You are resistant to electric shocks.
You can survive without breathing.
You are immune to petrification.
You are immune to rotting.


Message History

You see here a dagger.
The gnoll hits you but does no damage. The gnoll closely misses you.
There is a stone staircase leading up here.
The gnoll closely misses you.
You climb upwards.
There is a stone staircase leading down here.
You completely miss the gnoll. The gnoll hits you.
* * * LOW HITPOINT WARNING * * *
You hit the gnoll.
The gnoll is lightly wounded.
The gnoll barely misses you.
You barely miss the gnoll.
The gnoll is lightly wounded.
The gnoll completely misses you. The gnoll hits you.
* * * LOW HITPOINT WARNING * * *
You completely miss the gnoll.
The gnoll is lightly wounded.
The gnoll hits you.
You die...

#.........#........####..
#.........#..............
######........................
#....#...####'##..............
#.##.#...# #.##........####..
#.##.#...# #.##........# #.(
#.##.#.######.##........######
#......###........####......##
####..)......@................
#....###..[g.....##.#.####.##
#........[)......##.#....#.##
####.#######'######.####.#.##
#.#####.#.# #.....##.#...
#.......#.####.#.#.##.....
#######.#>.....#.#.##.....
#.#####..#.#.##..... ########
#.# #..#.#........


You could see a gnoll.

Vanquished Creatures
  An adder (D:2)
  A gnoll (D:2)
  A bat (D:1)
  4 giant cockroaches
  5 hobgoblins
  2 giant newts (D:1)
  3 goblins
  4 kobolds
  2 rats
23 creatures vanquished.

Notes
Turn   | Place    | Note
--------------------------------------------------------------
     0 | D:1      | sugabear the Gargoyle Gladiator began the quest for the Orb.
     0 | D:1      | Reached XP level 1. HP: 12/12 MP: 1/1
   281 | D:1      | Reached XP level 2. HP: 17/17 MP: 2/2
   833 | D:2      | Reached XP level 3. HP: 14/22 MP: 3/3
  1180 | D:2      | Reached skill level 1 in Armour
  1186 | D:2      | HP: 1/22 [adder (1)]
  1221 | D:1      | HP: 1/22 [gnoll (1)]
  1222 | D:1      | Slain by a gnoll

Action                   || total
-------------------------++-------
Melee: Flail             ||    87
  Eat: Chunk             ||     1
